 Dungeon Crawl Stone Soup version 0.17-a0-989-gada8a91 (webtiles) character file.

811 Jine the Ducker (level 7, 0/70 HPs)
             Began as a Troll Monk on May 12, 2015.
             Was a Priest of Makhleb.
             Slain by a gnoll
             ... wielding a +0 flail
              (8 damage)
             ... on level 4 of the Dungeon.
             The game lasted 00:14:32 (3712 turns).

Jine the Ducker (Troll Monk)                        Turns: 3712, Time: 00:14:34

Health: 0/70       AC:  5    Str: 22    XL:     7   Next: 61%
Magic:  6/6        EV: 12    Int:  6    God:    Makhleb [***...]
Gold:   137        SH:  0    Dex: 12    Spells: 0 memorised, 6 levels left

rFire  . . .     SeeInvis .       - Unarmed
rCold  . . .     Clarity  .     a - +0 robe
rNeg   . . .     SustAb   .     (no shield)
rPois  +         Gourm    +     (helmet restricted)
rElec  .         Spirit   .     (no cloak)
rCorr  .         Warding  .     (gloves unavailable)
rMut   .         Stasis   .     (boots unavailable)
MR     .....                    t - amulet of faith
Stlth  +.........               (no ring)
                                h - ring of poison resistance

@: not resistant to hostile enchantments, very unstealthy
A: unfitting armour, claws 3, fast metabolism 3, gourmand, regeneration 2,
shaggy fur 1, tough skin 2
a: Minor Destruction, Lesser Servant of Makhleb, Renounce Religion


You were on level 4 of the Dungeon.
You worshipped Makhleb.
Makhleb was most pleased with you.
You were not hungry.

You visited 1 branch of the dungeon, and saw 4 of its levels.

You collected 263 gold pieces.
You spent 126 gold pieces at shops.

Inventory:

Armour
 a - a +0 robe (worn)
 d - a +0 pair of gloves
Jewellery
 h - a ring of poison resistance (left claw)
 q - a +5 ring of intelligence {unknown}
 s - an uncursed amulet of clarity {unknown}
 t - an amulet of faith (around neck)
Magical devices
 j - a wand of magic darts (0)
Scrolls
 c - 2 scrolls of magic mapping
 e - a scroll of fog {unknown}
 f - 4 scrolls of teleportation {unknown}
 i - a scroll of immolation {unknown}
 l - a scroll of amnesia {unknown}
 m - 3 scrolls of identify
 n - 2 scrolls of remove curse {unknown}
 u - 3 scrolls of random uselessness {unknown}
 w - a scroll of fear {unknown}
Potions
 o - a potion of poison
Books
 p - a book of Beasts

   Spells                             Type                      Level
   a - Summon Butterflies             Summoning                    1
   b - Call Canine Familiar           Summoning                    3
   c - Summon Ice Beast               Ice/Summoning                4
   d - Summon Mana Viper              Hexes/Summoning              5
   e - Summon Hydra                   Summoning                    7
Comestibles
 b - 4 bread rations
 g - 3 meat rations
 k - 2 royal jellies
 r - 7 fruits
 v - a slice of pizza


   Skills:
 + Level 4.0 Fighting
 + Level 5.7 Dodging
 + Level 1.5 Stealth
 + Level 5.7 Unarmed Combat


You had 6 spell levels left.
You didn't know any spells.

Dungeon Overview and Level Annotations

Branches:
Dungeon (4/15)
 Temple: D:4-7

Altars:
Ashenzari
Cheibriados
Elyvilon
Makhleb
Vehumet

Shops:
D:4 ?


Innate Abilities, Weirdness & Mutations

You are too large for most types of armour.
You have claws for hands.
Your metabolism is lightning-fast.
You like to eat raw meat.
You heal very quickly.
You are covered in fur (AC +1).
You have very tough skin (AC +2).


Message History

* * * LOW HITPOINT WARNING * * *
You completely miss the gnoll.
The gnoll is moderately wounded.
The gnoll hits you but does no damage. The gnoll barely misses you.
The gnoll hits you but does no damage.
You scratch the gnoll.
The gnoll is heavily wounded.
The gnoll hits you but does no damage.
You closely miss the gnoll.
The gnoll is heavily wounded.
The gnoll closely misses you. The gnoll hits you but does no damage.
The gnoll closely misses you.
You scratch the gnoll but do no damage.
The gnoll is heavily wounded.
The gnoll hits you with a whip.
* * * LOW HITPOINT WARNING * * *
The gnoll hits you.
* * * LOW HITPOINT WARNING * * *
The gnoll hits you with a flail!
You die...

≈≈≈.≈≈...≈≈≈..≈≈≈≈.≈≈≈≈.≈≈#
≈≈≈≈≈≈≈≈≈≈≈≈≈≈≈≈≈≈≈≈≈≈≈≈≈≈#
≈≈≈≈≈≈≈≈≈≈≈≈≈≈≈≈≈≈≈≈≈≈≈≈≈≈#
≈≈≈≈≈≈≈≈≈≈≈≈≈≈#####≈≈≈≈≈≈≈#
###############...#≈≈≈≈≈≈≈#
...## ##......#.g.#≈≈≈≈≈≈≈#
....###......(#ggK#≈≈≈≈≈≈≈#
.....#........##g#
.....#.........g@#
.....'†...(.(..g(#
(....#...(.......#
.....#........##+#
....###..(....# ...##
##......# #### ########


You could see 5 gnolls, a hobgoblin and a kobold.

Vanquished Creatures
  Grinder (D:3)
  A phantom (D:4)
  A big kobold (D:4)
  A crimson imp (D:4)
  An orc wizard (D:3)
  An orc priest (D:3)
  5 worker ants (D:4)
  Jessica (D:3)
  A hound zombie (D:2)
  A worker ant zombie (D:2)
  Robin (D:4)
  2 adders
  2 oozes
  3 adder skeletons
  3 worms
  4 orcs (D:3)
  A ball python (D:3)
  10 bats
  A bat zombie (D:2)
  4 giant cockroaches
  11 hobgoblins
  4 jackals (D:3)
  36 kobolds
  2 quokkas (D:2)
  A giant cockroach zombie (D:2)
  2 giant geckos
  A giant gecko zombie (D:3)
  A giant newt (D:3)
  13 goblins
  2 jackal skeletons
  A quokka skeleton (D:4)
  A quokka zombie (D:2)
  15 rats
  A bush (D:2)
  A plant (D:2)
137 creatures vanquished.

Notes
Turn   | Place    | Note
--------------------------------------------------------------
     0 | D:1      | Jine the Troll Monk began the quest for the Orb.
     0 | D:1      | Reached XP level 1. HP: 22/22 MP: 0/0
   185 | D:1      | Reached XP level 2. HP: 23/29 MP: 1/1
   580 | D:2      | Reached XP level 3. HP: 33/36 MP: 2/2
   986 | D:2      | Reached XP level 4. HP: 40/44 MP: 3/3
  1787 | D:3      | Noticed Jessica
  1793 | D:3      | Killed Jessica
  1908 | D:3      | Reached XP level 5. HP: 47/52 MP: 4/4
  2045 | D:3      | Found a white marble altar of Elyvilon.
  2372 | D:3      | Noticed Grinder
  2384 | D:3      | Paralysed by Grinder for 4 turns
  2429 | D:3      | Paralysed by Grinder for 2 turns
  2435 | D:3      | Killed Grinder
  2435 | D:3      | Reached skill level 5 in Unarmed Combat
  2435 | D:3      | Reached XP level 6. HP: 34/61 MP: 5/5
  2702 | D:4      | Found Doshrome's Magic Scroll Boutique.
  2703 | D:4      | Found a shattered altar of Ashenzari.
  2746 | D:4      | Reached skill level 5 in Dodging
  2782 | D:4      | Noticed Robin
  2795 | D:4      | Reached XP level 7. HP: 40/67 MP: 6/6
  2847 | D:4      | Killed Robin
  2942 | D:4      | Bought a scroll of magic mapping for 49 gold pieces
  2942 | D:4      | Bought a scroll of identify for 28 gold pieces
  2942 | D:4      | Bought a scroll of magic mapping for 49 gold pieces
  3084 | D:4      | Found a radiant altar of Vehumet.
  3085 | D:4      | Found a burning altar of Makhleb.
  3102 | D:4      | Became a worshipper of Makhleb the Destroyer
  3102 | D:4      | Acquired Makhleb's first power
  3102 | D:4      | Acquired Makhleb's second power
  3152 | D:4      | Found a snail-covered altar of Cheibriados.
  3679 | D:4      | Acquired Makhleb's third power
  3712 | D:4      | Slain by a gnoll

Vault maps used:
D:1:      dpeg_arrival_circle_labyrinth_c
D:2:      serial_park_square1, serial_undead, serial_undead_e, serial_undead_a,
          serial_undead_a, serial_undead_f, serial_undead_f
D:3:      lemuel_crystal_altar, serial_aquarium, aquarium_bridge_straight,
          aquarium_window_fake, aquarium_window_1, aquarium_window_fake,
          aquarium_window_corner, aquarium_view_2e, aquarium_view_2a,
          aquarium_balcony_1a, uniq_grinder, uniq_jessica
D:4:      minmay_goblin_kobold_castle, evilmike_ruin_ashenzari,
          nicolae_overflow_crystal_walls,
          grunt_temple_overflow_lords_of_destruction, first_bread, serial_shops,
          shop_scrolls, uniq_robin

Action                   |  1- 3 |  4- 6 |  7- 9 || total
-------------------------+-------+-------+-------++-------
Melee: Unarmed           |   156 |   167 |   116 ||   439
  Use: Potion            |       |       |     5 ||     5
  Eat: Chunk             |     9 |    19 |     4 ||    32
